 Dungeon Crawl Stone Soup version 0.21.1-1-g345015fe64 (webtiles) character file.

210 Gargoyl the Skirmisher (level 5, 0/45 HPs)
             Began as a Centaur Abyssal Knight on May 2, 2018.
             Was a Believer of Lugonu.
             Killed by divine providence
             ... invoked by an orc priest
              (14 damage)
             ... on level 4 of the Dungeon.
             The game lasted 00:07:57 (4444 turns).

Gargoyl the Skirmisher (Centaur Abyssal Knight)     Turns: 4444, Time: 00:07:57

Health: 0/45       AC: 10    Str: 15    XL:     5   Next: 57%
Magic:  7/7        EV:  2    Int:  7    God:    Lugonu [**....]
Gold:   151        SH:  0    Dex:  9    Spells: 4/4 levels left

rFire    . . .     SeeInvis .   a - +1 hand axe
rCold    . . .     Gourm    .   (no shield)
rNeg     . . .     Faith    .   d - +1 plate armour
rPois    +         Spirit   .   (no helmet)
rElec    .         Reflect  .   (no cloak)
rCorr    .         Harm     .   (no gloves)
MR       .....                  (no barding)
Stlth    ..........             (no amulet)
HPRegen  0.15/turn              n - -4 ring of intelligence (curse)
MPRegen  0.10/turn              f - ring of poison resistance

@: slowed
A: large, hooves 3, deformed body, speed 2, tough skin 3
a: Depart the Abyss, Bend Space, Renounce Religion


You were on level 4 of the Dungeon.
You worshipped Lugonu.
Lugonu was pleased with you.
You were hungry.

You visited 1 branch of the dungeon, and saw 4 of its levels.
You visited the Abyss 1 time.

You collected 151 gold pieces.

Inventory:

Hand Weapons
 a - a +1 hand axe (weapon)
Missiles
 m - 5 tomahawks (quivered)
Armour
 d - a +1 plate armour (worn)
Jewellery
 f - a ring of poison resistance (right hand)
 n - a cursed -4 ring of intelligence (left hand)
Wands
 j - a wand of iceblast (9)
Scrolls
 e - a scroll of identify
Potions
 b - a potion of degeneration {unknown}
 g - a potion of agility {unknown}
 h - a potion of curing {unknown}
 i - a potion of brilliance {unknown}
 k - 2 potions of flight
Comestibles
 c - 2 rations


   Skills:
 + Level 3.6 Fighting
 + Level 3.1 Axes
 * Level 2.9 Armour
 + Level 0.6 Dodging
 * Level 3.3 Invocations


You had 4 spell levels left.
You didn't know any spells.

Dungeon Overview and Level Annotations

Branches:
Dungeon (4/15)
 Temple: D:4-7

Altars:
Ru


Innate Abilities, Weirdness & Mutations

You have hooves in place of feet.
Armour fits poorly on your strangely shaped body.
You cover ground very quickly.
You have extremely tough skin. (AC +3)


Message History

You barely miss the orc wizard. Your kick misses the orc wizard.
Your plate armour prevents you from hitting the orc wizard.
You hit the orc.
You kill the orc!
Lugonu accepts your kill. The orc wizard casts a spell at you.
The puff of frost hits you! The orc wizard barely misses you.
The orc wizard hits you but does no damage. x2
The orc priest hits you but does no damage.
The orc priest looks braver for a moment.
The orc wizard hits you but does no damage.
The orc wizard gestures at you while chanting.
The puff of flame hits you!
The orc priest mumbles some strange prayers to Beogh against you.
Beogh smites you!
* * * LOW HITPOINT WARNING * * *
The orc wizard hits you but does no damage.
The orc priest mumbles some strange prayers to Beogh against you.
Beogh smites you!
You die...

#....###.##.#....##
#........##........
#...#######.#....## #...#
#........ #)..#
###.#....## #...#
#........#
.######...#####.#......#
#..............[.......##
##......@...#.....#..#...
#....[..oo........#..#.##
.######.o.##############
#oo.# #.oo# ##...##
#.....# #.....#
.........#


You could see 2 orc priests, 3 orc wizards and 2 orcs.

Vanquished Creatures
  Ijyb (D:4)
  3 gnolls (D:3)
  6 adders
  2 worms (D:2)
  4 leopard geckos
  2 orcs (D:4)
  A giant cockroach (D:3)
  7 goblins
  10 hobgoblins
  7 jackals
  10 kobolds
  3 quokkas
  5 ball pythons
  A ball python skeleton (D:4)
  11 bats
  8 frilled lizards
  A leopard gecko skeleton (D:4)
  A quokka skeleton (D:3)
  10 rats
93 creatures vanquished.

Vanquished Creatures (others)
  2 starspawn tentacles (Abyss:1)
2 creatures vanquished.

Grand Total: 95 creatures vanquished

Notes
Turn   | Place    | Note
-------+----------+-------------------------------------------
     0 | Abyss:1  | Gargoyl the Centaur Abyssal Knight began the quest for the Orb.
     0 | Abyss:1  | Reached XP level 1. HP: 19/19 MP: 2/2
    56 | Abyss:1  | Noticed a large abomination
    73 | Abyss:1  | Noticed an ice devil
    93 | Abyss:1  | Noticed a tentacled starspawn
   120 | Abyss:1  | Noticed a small abomination
   145 | Abyss:1  | Noticed a quasit
   149 | D:1      | Escaped the Abyss
   240 | D:1      | Reached * piety under Lugonu
   251 | D:1      | Reached XP level 2. HP: 6/26 MP: 3/3
  1007 | D:1      | Reached XP level 3. HP: 28/31 MP: 4/4
  2184 | D:2      | Reached XP level 4. HP: 24/38 MP: 6/6
  2420 | D:2      | Reached ** piety under Lugonu
  2441 | D:2      | Found a sacrificial altar of Ru.
  3489 | D:3      | Reached XP level 5. HP: 22/45 MP: 7/7
  4207 | D:4      | Noticed Ijyb
  4251 | D:4      | Killed Ijyb
  4444 | D:4      | Killed from afar by an orc priest

Skill      XL: |  1  2  3  4 |
---------------+-------------+-----
Axes           | 2 3 |  3.1
Armour         | 2 |  2.9
Invocations    | 3 |  3.3
Fighting       | |  3.6
Dodging        | |  0.6

Action                   |  1- 3 |  4- 6 || total
-------------------------+-------+-------++-------
Melee: Hand axe          |   139 |   176 ||   315
       Kick              |    20 |    22 ||    42
Invok: Depart the Abyss  |     1 |       ||     1
  Use: Potion            |     1 |     5 ||     6
       Scroll            |       |     7 ||     7
 Stab: Invisible         |       |     1 ||     1
  Eat: Chunk             |     2 |       ||     2
       Ration            |       |     2 ||     2
Armor: Plate armour      |   166 |   195 ||   361
       Leather armour    |     2 |       ||     2
       Skin              |       |    26 ||    26
Dodge: Dodged            |    19 |    33 ||    52
